 Dungeon Crawl Stone Soup version 0.18-b1-14-g029dad2 (webtiles) character file.

63 Wooh the Bolt Thrower (level 4, -5/28 HPs)
             Began as a Kobold Hunter on Apr 30, 2016.
             Slain by a goblin (6 damage)
             ... led by Robin
             ... on level 2 of the Dungeon.
             The game lasted 00:04:09 (1217 turns).

Wooh the Bolt Thrower (Kobold Hunter)               Turns: 1217, Time: 00:04:10

Health: -5/28      AC:  3    Str: 11    XL:     4   Next: 30%
Magic:  4/4        EV: 14    Int:  9    God:
Gold:   89         SH:  0    Dex: 16    Spells: 0 memorised, 3 levels left

rFire  . . .     SeeInvis .     a - +1 hand crossbow
rCold  . . .     Gourm    .     c - +0 leather armour
rNeg   . . .     Faith    .     (shield restricted)
rPois  .         Spirit   .     (no helmet)
rElec  .         Dismiss  .     (no cloak)
rCorr  .         Reflect  .     (no gloves)
SustAt .         Harm     .     (no boots)
MR     .....                    (no amulet)
Stlth  ++........               (no ring)
                                (no ring)

@: not resistant to hostile enchantments, unstealthy
A: carnivore 3
a: no special abilities


You were on level 2 of the Dungeon.
You were very full.

You visited 1 branch of the dungeon, and saw 2 of its levels.

You collected 89 gold pieces.

Inventory:

Hand Weapons
 a - a +1 hand crossbow (weapon)
 b - a +0 short sword
Missiles
 d - 6 bolts (quivered)
Armour
 c - a +0 leather armour (worn)
Scrolls
 e - 2 scrolls of magic mapping {unknown}
 h - 4 scrolls of remove curse {unknown}
 j - a scroll of enchant weapon {unknown}
 k - a scroll of teleportation {unknown}
Potions
 l - a potion of curing {unknown}
 m - a potion of ambrosia {unknown}
Comestibles
 f - a meat ration
 g - 2 chunks of flesh
 i - a royal jelly


   Skills:
 + Level 3.4 Fighting
 - Level 2.2 Short Blades
 * Level 5.4 Crossbows
 - Level 2.4 Dodging
 - Level 1.3 Stealth


You had 3 spell levels left.
You didn't know any spells.

Dungeon Overview and Level Annotations

Branches:
Dungeon (2/15)

Altars:

Annotations:
D:2 Robin


Innate Abilities, Weirdness & Mutations

You are small and have problems with some larger weapons.
You are carnivorous and can eat meat at any time.


Message History

Aim: a goblin (unusually strong)
You shoot a bolt. The bolt hits the goblin!
You kill the goblin!
The goblin closely misses you.
Robin roars a battlecry!
The goblin hits you.
* * * LOW HITPOINT WARNING * * *
The goblin no longer looks unusually strong.
A hobgoblin comes into view.
Things that are here:
2 bolts; a goblin corpse Firing (i - inventory):
d - 7 bolts (quivered)
Press: ? - help, Shift-Dir - straight line, f - Robin
Aim: Robin, wielding a short sword, wearing an animal skin and wearing a helmet (lightly wounded)
You shoot a bolt. The bolt closely misses the goblin.
The hobgoblin shouts!
The bolt hits the goblin.
The goblin is almost dead.
The goblin hits you.
You die...

#.#.#.##)######## #.#
................#####†#
..###.......).........##
#####.#g...............#
....$..gg...###.######.#
.######g###.# #.# #.#
#g# #.# #.# #.# #g# #.#
#.# #.# #@#
#.###.######.# #.#
#............. #.#
#####.#####.## #.# #.#
#.## #.# #.# #.# #.. ..#
#.## ### ### ##.## ##..
###


You could see Robin, a hobgoblin and 4 goblins.

Vanquished Creatures
  2 adders (D:2)
  An ooze (D:2)
  5 bats (D:1)
  2 giant cockroaches (D:1)
  8 goblins
  6 hobgoblins
  4 jackals (D:2)
  3 kobolds (D:1)
  A quokka (D:2)
  A giant newt (D:2)
  2 rats
35 creatures vanquished.

Notes
Turn   | Place    | Note
--------------------------------------------------------------
     0 | D:1      | Wooh the Kobold Hunter began the quest for the Orb.
     0 | D:1      | Reached XP level 1. HP: 12/12 MP: 1/1
    81 | D:1      | Reached skill level 1 in Short Blades
    93 | D:1      | Reached XP level 2. HP: 17/18 MP: 2/2
   620 | D:2      | Reached skill level 5 in Crossbows
   620 | D:2      | Reached XP level 3. HP: 18/23 MP: 3/3
   944 | D:2      | Reached XP level 4. HP: 15/28 MP: 4/4
  1192 | D:2      | Noticed Robin
  1215 | D:2      | HP: 1/28 [goblin[Robin] (4)]
  1217 | D:2      | Slain by a goblin

Skill      XL: |  1  2  3 |
---------------+----------+-----
Short Blades   | 1 2 |  2.2
Fighting       | 3 |  3.4
Crossbows      | 5 |  5.4
Dodging        | |  2.4
Stealth        | |  1.3

Action                   |  1- 3 |  4- 6 || total
-------------------------+-------+-------++-------
Melee: Short sword       |   109 |     7 ||   116
 Fire: Hand crossbow     |    10 |    13 ||    23
  Use: Potion            |     1 |       ||     1
 Stab: Sleeping          |     1 |     2 ||     3
  Eat: Chunk             |     8 |     1 ||     9
Armor: Leather armour    |    30 |     3 ||    33
Dodge: Dodged            |   120 |    18 ||   138
